 Dungeon Crawl Stone Soup version 0.24.0-13-gcf9b319 (webtiles) character file.

Game seed: 6973430550630948740, levelgen mode: deterministic

5404 unrecovered the Firebug (level 10, 0/84 HPs)
             Began as a Naga Fire Elementalist on Apr 17, 2020.
             Was a Believer of Cheibriados.
             Slain by a death yak (20 damage)
             ... on level 9 of the Dungeon.
             The game lasted 00:51:43 (9667 turns).

unrecovered the Firebug (Naga Fire Elementalist)    Turns: 9667, Time: 00:51:44

Health: 0/84       AC:  7    Str: 23    XL:     10   Next: 67%
Magic:  20/20      EV: 13    Int: 24    God:    Cheibriados [**....]
Gold:   334        SH:  0    Dex: 17    Spells: 7/22 levels left

rFire    . . .     SeeInvis +   q - +3 spear
rCold    + . .     Gourm    .   (no shield)
rNeg     . . .     Faith    .   h - +1 robe
rPois    +         Spirit   .   z - +0 helmet
rElec    .         Reflect  .   C - +0 cloak
rCorr    .         Harm     .   (no gloves)
MR       +....                  (no barding)
Stlth    +.........             (no amulet)
HPRegen  0.24/turn              F - +2 ring of slaying
MPRegen  0.17/turn              o - ring "Ustroqi" {rC+ Str+5}

@: confused, very slow
A: large, see invisible, deformed body, poison resistance, slowness 2, slow
metabolism 1, spit poison 1, AC +3
a: Spit Poison, Bend Time, Renounce Religion


You were on level 9 of the Dungeon.
You worshipped Cheibriados.
Cheibriados was pleased with you.
You were hungry.

You visited 2 branches of the dungeon, and saw 10 of its levels.

You collected 444 gold pieces.
You spent 110 gold pieces at shops.

Inventory:

Hand Weapons
 i - a +3 hunting sling
 j - a +0 dagger
 p - a +0 halberd
 q - a +3 spear (weapon)
 y - the +7 great mace "Firestarter" {inner flame, rF++}
   (You found it on level 7 of the Dungeon)

   It has been specially enchanted to burn those struck by it, causing extra
   injury to most foes and up to half again as much damage against particularly
   susceptible opponents.
   It greatly protects you from fire.
Missiles
 m - 63 sling bullets
Armour
 a - a +0 robe
 h - a +1 robe (worn)
 t - a +0 large shield
 z - a +0 helmet (worn)
 C - a +0 cloak (worn)
Jewellery
 k - an uncursed ring of resist corrosion
 o - the ring "Ustroqi" (right hand) {rC+ Str+5}
   (You found it on level 4 of the Dungeon)

   [ring of protection from cold]

   It affects your strength (+5).
   It protects you from cold.
 F - a +2 ring of slaying (left hand)
Wands
 b - a wand of flame (7)
 e - a wand of digging (7)
 u - a wand of acid (3)
 G - a wand of enslavement (8)
Scrolls
 f - 3 scrolls of remove curse
 l - 2 scrolls of identify
 w - a scroll of enchant armour
 D - a scroll of fog
Potions
 d - a potion of might
 g - 3 potions of brilliance
 n - a potion of magic
 r - a potion of curing
 s - 3 potions of mutation
 v - a potion of flight
 x - 2 potions of berserk rage
 E - a potion of agility {unknown}
Comestibles
 c - 12 rations


   Skills:
 + Level 3.0 Fighting
 - Level 5.1 Dodging
 - Level 5.0 Stealth
 + Level 6.8 Spellcasting
 + Level 7.0 Conjurations
 + Level 7.7 Fire Magic
 + Level 6.7 Invocations


You had 7 spell levels left.
You knew the following spells:

 Your Spells              Type           Power        Failure   Level  Hunger
a - Flame Tongue          Conj/Fire      #####        1%          1    None
b - Throw Flame           Conj/Fire      #####.       1%          2    None
c - Conjure Flame         Conj/Fire      #####...     1%          3    None
d - Sticky Flame          Conj/Fire      #####...     3%          4    ###....
e - Fireball              Conj/Fire      #####.....   10%         5    #####..

Your spell library contained the following spells:

 Spells                   Type           Power        Failure   Level  Hunger
 Inner Flame              Hex/Fire       ####....     4%          3    None
 Beastly Appendage        Tmut           #.....       8%          1    None
 Sticks to Snakes         Tmut           #.......     11%         2    None
 Spider Form              Tmut/Pois      #.........   22%         3    None
 Ice Form                 Ice/Tmut       #.......     58%         4    ###....
 Blade Hands              Tmut           #.........   90%         5    #####..


Dungeon Overview and Level Annotations

Branches:
Dungeon (9/15)             Temple (1/1) D:4            Lair (0/6) D:9
    Orc: D:9-12

Altars:
Ashenzari
Cheibriados
Dithmenos
Elyvilon
Fedhas
Gozag
Hepliaklqana
Kikubaaqudgha
Makhleb
Nemelex Xobeh
Okawaru
Qazlal
Ru
Sif Muna
Trog
Uskayaw
Vehumet
Wu Jian
Xom
Yredelemnul
Zin
The Shining One

Shops:
D:4 =(!%


Innate Abilities, Weirdness & Mutations

You cannot wear boots.
Your serpentine skin is tough. (AC +3)
You have supernaturally acute eyesight. (SInv)
Armour fits poorly on your strangely shaped body.
Your system is resistant to poisons. (rPois)
You cover ground very slowly.
You have a slow metabolism.
You can spit poison.


Message History

The yak burns!
You kill the yak!
Cheibriados appreciates the change of pace.
Your Fighting skill increases to level 3!
The death yak burns!
The death yak is engulfed in blazing flames.
The death yak gores you!!
* * * LOW HITPOINT WARNING * * *
You are confused.
You feel invigorated.
The death yak burns!
The death yak barely misses you.
The death yak burns!
The death yak stops burning.
The death yak is engulfed in blazing flames.
The death yak closely misses you.
The yak snorts and paws the ground.
The death yak is engulfed in blazing flames.
The death yak gores you!
* * * LOW HITPOINT WARNING * * *
The death yak is engulfed in blazing flames.
The death yak gores you!!
You die...

......# #........+
......### #.Y......#
......'.####Y.......#
......#....YYY......#
......######Y.......#
......# #........#
####'## #.....YY.# ##..#
######Y### #..## #...@Y#
#.## ##'###### ###
##'###### #.......# ###.#
........####.......#
#..##
........#..'.......# #.##
........#.##.......# ##.#
........'.##.......###..#
........####.......'...##
........# #.......#####


You could see 2 death yaks and 2 yaks.

Vanquished Creatures
  Erica (D:8)
  Erolcha (D:9)
  A death yak (D:9)
  Joseph (D:8)
  A hornet (D:9)
  A hippogriff (D:5)
  2 yaks (D:9)
  A hungry ghost (D:7)
  Duvessa (D:6)
  An orc warrior (D:8)
  2 black bears
  2 sky beasts (D:9)
  4 ogres
  2 centaurs
  A bullfrog (D:6)
  Dowan (D:6)
  A scorpion (D:4)
  4 howler monkeys
  3 crimson imps
  4 jellies
  A hound (D:8)
  An orc priest (D:7)
  3 orc wizards
  2 iguanas
  Terence (D:2)
  Ijyb (D:4)
  6 worker ants
  A hound skeleton (D:8)
  10 adders
  9 gnolls
  A worker ant zombie (D:6)
  An adder zombie (D:5)
  2 oozes
  An adder skeleton (D:5)
  5 worms
  3 dart slugs
  9 leopard geckos
  24 orcs
  8 giant cockroaches
  8 goblins
  10 hobgoblins
  2 jackals (D:6)
  5 kobolds
  3 quokkas (D:4)
  A ball python (D:5)
  7 bats
  6 frilled lizards
  A jackal skeleton (D:6)
  2 leopard gecko skeletons
  A leopard gecko zombie (D:7)
  A quokka zombie (D:6)
  9 rats
180 creatures vanquished.

Notes
Turn   | Place    | Note
-------+----------+-------------------------------------------
     0 | D:1      | unrecovered the Naga Fire Elementalist began the quest for
                  | the Orb.
     0 | D:1      | Reached XP level 1. HP: 15/15 MP: 3/3
    87 | D:1      | Reached XP level 2. HP: 20/22 MP: 1/5
   196 | D:1      | Learned a level 2 spell: Throw Flame
   700 | D:1      | Reached XP level 3. HP: 28/28 MP: 1/6
   705 | D:1      | Learned a level 3 spell: Conjure Flame
  1236 | D:2      | Noticed Terence
  1293 | D:2      | Killed Terence
  1293 | D:2      | Reached XP level 4. HP: 12/36 MP: 0/7
  1905 | D:2      | Reached XP level 5. HP: 42/42 MP: 2/9
  3067 | D:3      | Reached skill level 5 in Stealth
  3091 | D:3      | Found a blossoming altar of Fedhas.
  3136 | D:3      | Reached XP level 6. HP: 49/49 MP: 8/10
  3436 | D:4      | Found Porhotuw's Antique Weapon Boutique.
  3809 | D:4      | Learned a level 4 spell: Sticky Flame
  3809 | D:4      | Found Velopseh's Jewellery Shop.
  3890 | D:4      | Found Jibra's Distillery.
  3895 | D:4      | Reached XP level 7. HP: 55/55 MP: 12/12
  3968 | D:4      | Found a staircase to the Ecumenical Temple.
  3973 | D:4      | Got a translucent copper ring
  3975 | D:4      | Identified the ring "Ustroqi" {rC+ Str+5} (You found it on
                  | level 4 of the Dungeon)
  3991 | D:4      | Bought a potion of curing for 33 gold pieces
  3991 | D:4      | Bought a potion of curing for 33 gold pieces
  3991 | D:4      | Bought a potion of lignification for 33 gold pieces
  3991 | D:4      | Bought a potion of degeneration for 11 gold pieces
  4033 | Temple   | Entered the Ecumenical Temple
  4152 | Temple   | Became a worshipper of Cheibriados the Contemplative
  4213 | D:4      | Noticed Ijyb
  4509 | D:4      | Killed Ijyb
  4605 | D:4      | Found Vemyurip's Food Shoppe.
  4714 | D:5      | Entered Level 5 of the Dungeon
  4758 | D:5      | Reached skill level 1 in Invocations
  4767 | D:5      | Noticed a hippogriff
  4777 | D:5      | Killed a hippogriff
  4777 | D:5      | Reached skill level 5 in Fire Magic
  4777 | D:5      | Reached XP level 8. HP: 18/62 MP: 0/14
  4841 | D:5      | Reached * piety under Cheibriados
  5898 | D:6      | Learned a level 5 spell: Fireball
  6445 | D:6      | Noticed Dowan
  6447 | D:6      | Noticed Duvessa
  6460 | D:6      | Killed Duvessa
  6463 | D:6      | Killed Dowan
  6927 | D:6      | Reached ** piety under Cheibriados
  7110 | D:7      | Reached skill level 5 in Spellcasting
  7110 | D:7      | Reached XP level 9. HP: 68/68 MP: 9/16
  7142 | D:7      | Reached skill level 5 in Conjurations
  7229 | D:7      | Found the +7 great mace "Firestarter" {inner flame, rF++}
  7769 | D:8      | Noticed Erica
  7789 | D:8      | Killed Erica
  7789 | D:8      | Reached skill level 5 in Dodging
  7789 | D:8      | Reached skill level 5 in Invocations
  8211 | D:8      | Noticed Joseph
  8231 | D:8      | HP: 5/102 [Joseph/puff of flame (7)]
  8234 | D:8      | Killed Joseph
  8744 | D:9      | Found a blossoming altar of Fedhas.
  8752 | D:9      | Reached XP level 10. HP: 76/76 MP: 10/19
  8834 | D:9      | Found a staircase to the Lair.
  8834 | D:9      | Noticed a death yak
  8834 | D:9      | Noticed a death yak
  8834 | D:9      | Noticed a death yak
  8855 | D:9      | Killed a death yak
  8855 | D:9      | Reached skill level 1 in Fighting
  9088 | D:9      | Noticed Erolcha
  9091 | D:9      | Killed Erolcha
  9667 | D:9      | Slain by a death yak

Levels and vault maps discovered:
D:1:      dpeg_chamrin_arrival_tetris, layout_rooms
D:2:      layout_rooms, uniq_terence
D:3:      layout_loops_cross, fedhas_altar_4, minmay_misc_feat_tiny
D:4:      layout_basic, temple_doors_e, first_ration, serial_shops,
          nicolae_shop_waterfront, shop, shop, nicolae_shop_statue_plus,
          uniq_ijyb
D:5:      layout_rooms
D:6:      layout_gridville, uniq_duvessa
D:7:      layout_basic
D:8:      layout_loops_ring, uniq_joseph, uniq_erica
D:9:      layout_roguey, dpeg_lair_monsters, hiddenorc1_lemuel, basic_altar,
          uniq_erolcha
Temple:   kilobyte_greek_temple

Skill      XL: |  1  2  3  4  5  6  7  8  9 10 |
---------------+-------------------------------+-----
Dodging        | 2 3 4 5 |  5.1
Stealth        | 4 5 |  5.0
Conjurations   | 2 3 4 6 7 |  7.0
Spellcasting   | 3 4 5 6 |  6.8
Fire Magic     | 4 5 7 |  7.7
Invocations    | 1 3 5 6 |  6.7
Fighting       | 3 |  3.0

Action                   |  1- 3 |  4- 6 |  7- 9 | 10-12 || total
-------------------------+-------+-------+-------+-------++-------
Melee: Dagger            |     8 |    11 |       |       ||    19
       Spear             |     3 |    31 |   106 |    42 ||   182
       Great mace        |       |       |     9 |       ||     9
 Fire: Hunting sling     |       |    24 |       |       ||    24
Throw: Throwing net      |       |       |     2 |       ||     2
 Cast: Flame Tongue      |    23 |    56 |    48 |    14 ||   141
       Throw Flame       |    17 |    42 |    72 |     7 ||   138
       Sticky Flame      |       |       |    10 |     6 ||    16
       Conjure Flame     |       |       |     3 |     3 ||     6
       Fireball          |       |       |     1 |     2 ||     3
 Abil: Spit Poison       |    20 |    30 |    32 |     2 ||    84
  Use: Scroll            |     3 |     4 |     2 |     5 ||    14
       Potion            |     1 |     1 |     8 |     1 ||    11
 Stab: Invisible         |     1 |     1 |     1 |       ||     3
       Sleeping          |       |     1 |     3 |       ||     4
  Eat: Chunk             |     3 |    11 |    10 |     4 ||    28
       Ration            |       |       |     1 |       ||     1
Armor: Robe              |     2 |    13 |    35 |     6 ||    56
       Skin              |       |       |     7 |       ||     7
Dodge: Dodged            |     9 |    54 |    63 |    22 ||   148
